 Dungeon Crawl Stone Soup version 0.29.1-12-g30fa7ad0bf (webtiles) character file.

Game seed: 8515394178810677754

62 FrankDuskstone the Slasher (level 4, 0/35 HPs)
             Began as a Human Berserker on Dec 13, 2022.
             Was a Follower of Trog.
             Slain by an adder (1 damage)
             ... on level 3 of the Dungeon.
             The game lasted 00:08:22 (1686 turns).

FrankDuskstone the Slasher (Human Berserker)        Turns: 1686, Time: 00:08:22

Health: 0/35       AC:  8    Str: 20    XL:     4   Next: 28%
Magic:  4/4        EV: 10    Int:  7    God:    Trog [*.....]
Gold:   90         SH:  0    Dex: 12    Spells: 3/3 levels left

rFire   . . .      SeeInvis .   a - +1 falchion
rCold   . . .      Faith    .   (no shield)
rNeg    . . .      Spirit   .   l - +0 scale mail
rPois   .          Reflect  .   p - +0 helmet
rElec   .          Harm     .   (no cloak)
rCorr   .          Rampage  .   (no gloves)
Will    .....                   d - +0 pair of boots
Stlth   ..........              (no amulet)
HPRegen 0.11/turn               k - +4 ring of slaying
MPRegen 0.09/turn               (no ring)

@: about to teleport
A: no striking features
a: Renounce Religion, Berserk


You were on level 3 of the Dungeon.
You worshipped Trog.
Trog was aware of your devotion.
You visited 1 branch of the dungeon, and saw 3 of its levels.

You collected 90 gold pieces.

Inventory:

Hand Weapons
 a - a +1 falchion (weapon)
Armour
 b - a +0 animal skin
 d - a +0 pair of boots (worn)
 l - a +0 scale mail (worn)
 m - a +0 ring mail
 p - a +0 helmet (worn)
Jewellery
 k - a +4 ring of slaying (left hand)
 t - an amulet of magic regeneration
Scrolls
 c - 3 scrolls of butterflies
 e - a scroll of vulnerability
 h - a scroll of immolation
 j - a scroll of blinking
 q - a scroll of brand weapon {unknown}
 s - a scroll of magic mapping {unknown}
Potions
 f - a potion of resistance {unknown}
 g - a potion of heal wounds
 i - 2 potions of haste {unknown}
 o - 2 potions of curing {unknown}
 r - a potion of ambrosia {unknown}


   Skills:
 + Level 3.3 Fighting
 + Level 3.8 Long Blades
 + Level 2.7 Armour
 + Level 2.4 Dodging


You had 3 spell levels left.
You didn't know any spells.
Your spell library contained the following spells:

 Spells                   Type           Power      Damage    Failure   Level
 Sting                    Tmut/Pois      0%         1d3       78%         1
 Poisonous Vapours        Pois/Air       0%         N/A       89%         2
 Olgreb's Toxic Radiance  Pois           0%         N/A       100%        4


Dungeon Overview and Level Annotations

Branches:
Dungeon (3/15)

Altars:


Message History

The orc attacks as you move away! The orc hits you but does no damage.
You barely miss the orc. The worm bites you but does no damage.
Something hits you. The orc barely misses you.
An adder comes into view.
You hit the orc.
The orc is almost dead.
The orc hits you but does no damage. x2; The worm bites you but does no damage.
You barely miss the orc.
The orc is almost dead.
Something hits you but does no damage. The orc hits you with a +0 hand axe.
The orc barely misses you. The orc hits you but does no damage.
You closely miss the orc.
The orc is almost dead.
The ball python bites you but does no damage.
The ball python barely misses you.
You hear some strange, mumbled words.
A magic dart appears from out of thin air!
The magic dart hits you. The orc hits you with a +0 whip.
The orc hits you but does no damage. x2; The worm bites you.
You closely miss the orc.
The orc is almost dead.
The orc hits you with a +0 hand axe. Something hits you but does no damage.
The orc hits you but does no damage. The orc closely misses you.
The worm closely misses you.
You slash the orc!
You kill the orc!
Trog accepts your kill. The adder bites you but does no damage.
Something hits you but does no damage. The orc hits you but does no damage.
The orc hits you with a +0 whip.
* * * LOW HITPOINT WARNING * * *
The adder closely misses you.
As you read the scroll of teleportation, it crumbles to dust.
You feel strangely unstable. The orc hits you with a +0 whip.
* * * LOW HITPOINT WARNING * * *
Something hits you.
* * * LOW HITPOINT WARNING * * *
The adder bites you but does no damage. The worm bites you.
* * * LOW HITPOINT WARNING * * *
The adder bites you.
You die...

##........
# #.# #.# #
#
#..#..###.
#.# # #. .
...###.. .#
#.# . # #..
#.. # #.#.#
##. ..#
#.#.#
#.#.##
#....###
#ow....#
#@oS...#
#S{o......
#.S.....#.
........#
##.##.##...
#. .# #..
#. .# .. ..
.#


You could see a worm, 2 adders, 3 orcs and a ball python.

Vanquished Creatures
  Terence (D:2)
  2 adder skeletons (D:2)
  A worm (D:3)
  A dart slug (D:1)
  An orc (D:3)
  A ball python (D:3)
  2 endoplasms (D:1)
  A goblin (D:2)
  A hobgoblin (D:2)
  A jackal (D:1)
  3 quokkas
  A ball python skeleton (D:2)
  6 bats
  2 frilled lizards
  A giant cockroach zombie (D:2)
  2 rats (D:1)
27 creatures vanquished.

Vanquished Creatures (others)
  2 withered plants (D:2)
2 creatures vanquished.

Grand Total: 29 creatures vanquished

Notes
Turn   | Place    | Note
-------+----------+-------------------------------------------
     0 | D:1      | FrankDuskstone the Human Berserker began the quest for the
                  | Orb.
     0 | D:1      | Reached XP level 1. HP: 18/18 MP: 1/1
   220 | D:1      | Reached XP level 2. HP: 7/24 MP: 2/2
  1200 | D:2      | Noticed Terence
  1212 | D:2      | Killed Terence
  1213 | D:2      | Reached XP level 3. HP: 12/29 MP: 3/3
  1385 | D:2      | Reached XP level 4. HP: 20/35 MP: 4/4
  1685 | D:3      | HP: 1/35 [worm (3)]
  1686 | D:3      | Slain by an adder

Illustrated notes

Levels and vault maps discovered:
D:1:      scummos_arrival_gate, layout_basic, minmay_pentomino_u2
D:2:      layout_basic, serial_undead, serial_undead_a, serial_undead_f,
          serial_undead_d, serial_undead_e, serial_undead_a, uniq_terence
D:3:      layout_loops_ring, nicolae_dithmenos_shadow_blocks,
          grunt_temple_overflow_open

Action                   |  1- 3 |  4- 6 || total
-------------------------+-------+-------++-------
Melee: Falchion          |    58 |    30 ||    88
  Use: Scroll            |     6 |     2 ||     8
Armor: Animal skin       |    10 |       ||    10
       Scale mail        |    14 |    43 ||    57
Dodge: Dodged            |    64 |    39 ||   103
